 Dungeon Crawl Stone Soup version 0.30-a0-728-gc68057be0a (webtiles) character file.

Game seed: 7213288473592432628

726 BigDaddyOpFi the Shield-Bearer (level 8, -2/56 (63) HPs)
             Began as a Formicid Fighter on Jan 31, 2023.
             Succumbed to an orc wizard's poison
             ... on level 6 of the Dungeon.
             The game lasted 00:03:28 (4475 turns).

BigDaddyOpFi the Shield-Bearer (Formicid Fighter)   Turns: 4475, Time: 00:03:29

HP:   -2/56 (63)    AC:  7    Str: 23    XL:     8   Next: 2%
MP:   8/8           EV:  9    Int:  8    God:
Gold: 395           SH:  5    Dex: 13    Spells: 7/7 levels left

rFire   + . .      SeeInvis +    s - +6 war axe "Senn" {freeze, rF+ Will+ SInv Stlth+}
rCold   . . .      Faith    .    c - +0 buckler
rNeg    . . .      Spirit   .    b - +0 scale mail
rPois   .          Reflect  .    (helmet unavailable)
rElec   .          Harm     .    (no cloak)
rCorr   .          Rampage  .    (no gloves)
Will    +....                    (no boots)
Stlth   +                        i - amulet of magic regeneration
HPRegen 0.29/turn                (no ring)
MPRegen 0.51/turn                (no ring)

@: lethally poisoned (-2 -> -17), heavily drained
A: permanent stasis, dig shafts and tunnels, antennae 3, four strong arms
a: Dig, Shaft Self


You were on level 6 of the Dungeon.
You visited 1 branch of the dungeon, and saw 6 of its levels.

You collected 395 gold pieces.

Inventory:

Hand Weapons
 a - a +0 war axe of flaming
 s - the +6 war axe "Senn" (weapon) {freeze, rF+ Will+ SInv Stlth+}
   (You found it on level 3 of the Dungeon)

   rF:        It protects you from fire.
   SInv:      It lets you see invisible.
   Will:      It increases your willpower.
   Stlth:     It makes you more stealthy.
Armour
 b - a +0 scale mail (worn)
 c - a +0 buckler (worn)
Jewellery
 i - an amulet of magic regeneration (around neck)
Scrolls
 f - 2 scrolls of magic mapping {unknown}
 g - 8 scrolls of identify
 h - 2 scrolls of fog
 m - a scroll of poison
 n - a scroll of blinking
 u - a scroll of torment {unknown}
Potions
 d - 2 potions of might
 e - 2 potions of berserk rage {unknown}
 j - 2 potions of curing {unknown}
 k - a potion of haste {unknown}
 l - a potion of flight {unknown}
 o - a potion of degeneration {unknown}
 p - 2 potions of cancellation {unknown}
 q - 2 potions of heal wounds
 r - 3 potions of lignification {unknown}
 t - a potion of brilliance {unknown}


   Skills:
 + Level 5.5 Fighting
 + Level 4.4 Axes
 + Level 5.5 Armour
 + Level 6.7 Shields


You had 7 spell levels left.
You didn't know any spells.
Your spell library contained the following spells:

 Spells                   Type           Power      Damage    Failure   Level
 Beastly Appendage        Tmut           0%         N/A       77%         1
 Sublimation of Blood     Necr           0%         N/A       88%         2
 Wereblood                Tmut           0%         N/A       88%         2
 Dazzling Flash           Conj/Hex       0%         N/A       98%         3
 Spider Form              Tmut/Pois      0%         N/A       98%         3
 Animate Dead             Necr           0%         N/A       100%        4
 Agony                    Necr           0%         N/A       100%        5
 Borgnjor's Vile Clutch   Necr/Erth      0%         N/A       100%        5
 Silence                  Hex/Air        0%         N/A       100%        5
 Conjure Ball Lightning   Conj/Air       0%         3x3d6     100%        6
 Death Channel            Necr           0%         N/A       100%        6
 Summon Hydra             Summ           0%         N/A       100%        7
 Discord                  Hex            0%         N/A       100%        8
 Disjunction              Tloc           0%         N/A       100%        8


Dungeon Overview and Level Annotations

Branches:
Dungeon (6/15)             Temple (0/1) D:4

Altars:
Cheibriados
Nemelex Xobeh
Wu Jian
Xom

Shops:
D:1 (   D:3 *   D:4 (   D:5 =


Innate Abilities, Weirdness & Mutations

You cannot be hasted, slowed, berserked, paralysed or teleported.
You can dig through walls and to a lower floor.
You have a pair of large antennae on your head. (SInv)
Your four strong arms can wield two-handed weapons with a shield.


Message History

The wight hits you with a +3 falchion.
You closely miss the wight.
The wight is moderately damaged.
The wight hits you from afar with a +0 trident!
You feel drained.
* * * LOW HITPOINT WARNING * * *
The orc priest looks braver for a moment.
The wight hits you with a +3 falchion.
* * * LOW HITPOINT WARNING * * *
You feel drained.
* * * LOW HITPOINT WARNING * * *
The wight closely misses you.
The wight hits you from afar with a +0 trident!
* * * LOW HITPOINT WARNING * * *
You slash the wight!
The wight is severely damaged.
You block the wight's attack. The wight barely misses you.
You feel much better.
The wight hits you from afar with a +0 trident.
You feel drained. You block the wight's attack.
A wight comes into view. It is wielding a +1 scimitar.
You hit the wight.
You destroy the wight!
The wight hits you from afar with a +0 trident.
You have reached level 8!
You feel stronger.
You barely miss the orc wizard.
The wight hits you from afar with a +0 trident!
* * * LOW HITPOINT WARNING * * *
You feel drained.
The orc wizard hits you but does no damage.
You are poisoned.
The wight hits you from afar with a +0 trident!
* * * LOW HITPOINT WARNING * * *
The orc wizard hits you with a +0 dagger of venom.
* * * LOW HITPOINT WARNING * * *
You are more poisoned.
You slash the orc wizard! You freeze the orc wizard.
You kill the orc wizard!
You die...

### ### #.# #.# #.#
###.# #.# #.#.# #.#
#.#.###
#.############.....####
................@.....#
...............#)####.#
#.#####........zYz....##
.........?......o.o.....
....>..............z..#.
#...............).......
........................
##.#.#####..#.....#...#.
##.#.### #..#.........#


You could see an ice beast, 3 wights, an orc priest and an orc.

Vanquished Creatures
  Edmund (D:5)
  A black bear (D:5)
  A scorpion (D:5)
  A wight (D:6)
  3 hounds (D:5)
  A jelly (D:5)
  An iguana (D:5)
  An orc wizard (D:6)
  8 adders
  8 gnolls
  2 shadow imps
  A white imp (D:6)
  A dart slug (D:5)
  11 orcs
  9 endoplasms
  4 giant cockroaches
  8 hobgoblins
  5 jackals
  6 kobolds
  3 quokkas
  6 ball pythons
  4 bats
  3 frilled lizards
  2 goblins
  4 rats
95 creatures vanquished.

Notes
Turn   | Place    | Note
-------+----------+-------------------------------------------
     0 | D:1      | BigDaddyOpFi the Formicid Fighter began the quest for the
                  | Orb.
     0 | D:1      | Reached XP level 1. HP: 18/18 MP: 1/1
   150 | D:1      | Reached XP level 2. HP: 21/24 MP: 2/2
   175 | D:1      | Found a faded altar of an unknown god.
   217 | D:1      | Found Loxtic's Weapon Emporium.
   343 | D:1      | Reached XP level 3. HP: 29/29 MP: 3/3
   961 | D:2      | Found a snail-covered altar of Cheibriados.
  1333 | D:2      | Reached XP level 4. HP: 28/37 MP: 4/4
  1863 | D:3      | Reached XP level 5. HP: 21/42 MP: 5/5
  1869 | D:3      | Reached skill level 5 in Shields
  2313 | D:3      | Identified the +6 war axe "Senn" {freeze, rF+ Will+ SInv
                  | Stlth+}
  2336 | D:3      | Found a snail-covered altar of Cheibriados.
  2521 | D:3      | Found Raro's Assorted Antiques.
  2645 | D:4      | Found a shimmering altar of Xom.
  2773 | D:4      | Found a staircase to the Ecumenical Temple.
  2833 | D:4      | Found Cuolyss's Weapon Shop.
  3089 | D:5      | Entered Level 5 of the Dungeon
  3214 | D:5      | Reached XP level 6. HP: 49/49 MP: 6/6
  3224 | D:5      | Found an ornate altar of the Wu Jian Council.
  3273 | D:5      | Found Usmilu Myfa's Jewellery Shoppe.
  3611 | D:5      | Noticed Edmund
  3624 | D:5      | Killed Edmund
  3625 | D:5      | Reached skill level 5 in Fighting
  3625 | D:5      | Reached skill level 5 in Armour
  3625 | D:5      | Reached skill level 6 in Shields
  3625 | D:5      | Reached XP level 7. HP: 16/56 MP: 7/7
  3844 | D:5      | Found a sparkling altar of Nemelex Xobeh.
  4474 | D:6      | Reached XP level 8. HP: 23/58 MP: 8/8
  4475 | D:6      | Succumbed to an orc wizard's poison

Illustrated notes

Levels and vault maps discovered:
D:1:      dpeg_arrival_renting, layout_basic, serial_shops,
          nicolae_shop_bloodbath_and_beyond, hellmonk_ecumenical_altar_blasted
D:2:      layout_basic, basic_altar
D:3:      layout_loops_cross, mainiacjoe_overflow_concentric_impassable,
          serial_shops, nicolae_square_shop, minmay_misc_feat_nine_boxes,
          corexii_hall_statues_s
D:4:      layout_cave_pools, mainiacjoe_overflow_24_doors,
          minmay_temple_entry_glass, serial_shops, kennysheep_mini_moat
D:5:      layout_loops_cross, pdpol_wu_jian_five_deadly_venoms,
          mainiacjoe_overflow_boulevard, serial_shops, nicolae_diamond_shop,
          serial_rivers, chequers_serial_rivers_large_a,
          chequers_serial_rivers_room_a, chequers_serial_rivers_marsh,
          chequers_serial_rivers_small_3, reono_crystal_passage, uniq_edmund
D:6:      layout_basic, grunt_temple_overflow_lords_of_destruction,
          nicolae_uskayaw_murder_on_the_dancefloor, serial_rivers,
          chequers_serial_rivers_micro_a, chequers_serial_rivers_micro_c,
          chequers_serial_rivers_micro_b, chequers_serial_rivers_micro_a,
          chequers_serial_rivers_marsh, uniq_grinder

Skill      XL: |  1  2  3  4  5  6  7 |
---------------+----------------------+-----
Fighting       | 4 5 |  5.5
Armour         | 4 5 |  5.5
Shields        | 5 6 |  6.7
Axes           | 3 4 |  4.4

Action                     |  1- 3 |  4- 6 |  7- 9 || total
---------------------------+-------+-------+-------++-------
  Melee: War axe           |    75 |   143 |    29 ||   247
    Use: Potion            |       |     1 |     1 ||     2
         Scroll            |       |     7 |       ||     7
   Stab: Sleeping          |       |     1 |       ||     1
 Armour: Scale mail        |    31 |    74 |     4 ||   109
  Dodge: Dodged            |    33 |    75 |    15 ||   123
  Block: Buckler           |    23 |    37 |     8 ||    68

Table legend: (Time is in decaauts)
 A = Elapsed time spent in this place.
 B = Non-inter-level travel time spent in this place.
 C = Inter-level travel time spent in this place.
 D = Time resting spent in this place.
 E = Time spent auto-exploring this place.
 F = Levels seen in this place.
 G = Mean time per level.
                   A        B        C        D        E       F      G
               +--------+--------+--------+--------+--------+-----+--------+
         Total |   4589 |   4456 |    133 |    100 |   3655 |   6 |  764.8 |
       Dungeon |   4589 |   4456 |    133 |    100 |   3655 |   6 |  764.8 |
               +--------+--------+--------+--------+--------+-----+--------+

Top non-repeatable levels by time:
     D:5: 1320 daAuts
     D:3: 946 daAuts
     D:2: 883 daAuts
     D:1: 836 daAuts
     D:4: 490 daAuts
     D:6: 112 daAuts
